AoeStats
← UnknøwnPlayer

Arabia

505578834Analyzed
3v3 RM · 22d ago on Sep 10, 2026· 58m 37s· 6 players
Game mode
Random Map
Map size
Normal (6 player)
Population
200
Speed
Normal
Resources
Standard
Victory
Conquest
Starting age
Dark Age
Ending age
Imperial Age
RankedLock teamsTeams togetherTeam positionsShared explorationLock speedFull tech treeHidden civsTurbo modeCheats
Victory
Defeat
🇨🇱 Italians · Chile
1179
+10
🇨🇱 Japanese · Chile
1135
+26
🇨🇱 Franks · Chile
857
+22
🇺🇸 Japanese · United States
1091
-17
🇺🇸 Saracens · United States
1081
-17
🇺🇸 Mongols · United States
889
-9
DandyDan
2:36 Loom
11:03 Feudal Age
12:52 Double-Bit Axe
16:44 Wheelbarrow
17:40 Town Watch
19:56 Scale Barding Armor
20:25 Forging
20:01 Horse Collar
26:52 Castle Age
25:41 Bloodlines
34:05 Chain Barding Armor
34:41 Husbandry
38:22 Elite Skirmisher
40:53 Iron Casting
45:02 Imperial Age
43:06 Bow Saw
42:49 Gold Mining
44:40 Hand Cart
43:50 Light Cavalry
44:24 Fletching
44:34 Padded Archer Armor
44:51 Thumb Ring
45:00 Bodkin Arrow
47:19 Chemistry
46:40 Ballistics
46:53 Conscription
48:40 Bracer
52:31 Masonry
52:52 Town Patrol
53:44 Leather Archer Armor
57:37 Heavy Camel Rider
Dj_HouseKarl
7:47 Loom
10:39 Feudal Age
11:17 Town Watch
12:02 Double-Bit Axe
17:13 Fletching
24:40 Castle Age
23:29 Padded Archer Armor
26:03 Bodkin Arrow
26:15 Elite Skirmisher
26:53 Pikeman
28:20 Scale Mail Armor
34:02 Murder Holes
41:46 Masonry
44:59 Ballistics
44:52 Thumb Ring
55:30 Horse Collar
58:26 Imperial Age
kingike14
10:43 Feudal Age
11:14 Double-Bit Axe
14:56 Castle Age
13:30 Horse Collar
18:22 Husbandry
19:35 Scale Barding Armor
20:50 Forging
23:58 Bloodlines
30:43 Wheelbarrow
33:57 Chain Barding Armor
34:13 Iron Casting
34:19 Fletching
34:55 Loom
34:56 Town Watch
44:06 Imperial Age
44:19 Elite Mameluke
46:29 Plate Barding Armor
51:41 Blast Furnace
52:56 Bodkin Arrow
54:29 Conscription
wowmiqui
5:59 Loom
10:59 Feudal Age
12:36 Double-Bit Axe
19:05 Castle Age
18:54 Forging
18:51 Scale Barding Armor
19:22 Gold Mining
20:15 Wheelbarrow
22:04 Husbandry
23:50 Iron Casting
27:56 Bow Saw
28:40 Chain Barding Armor
28:39 Hand Cart
31:54 Squires
32:38 Town Watch
35:04 Town Patrol
35:38 Fletching
35:20 Elite Skirmisher
38:42 Ballistics
39:26 Gold Shaft Mining
38:18 Pikeman
39:04 Arson
43:30 Bodkin Arrow
43:36 Padded Archer Armor
57:56 Imperial Age
56:08 Leather Archer Armor
58:07 Cavalier
UnknøwnPlayer
1:51 Loom
9:15 Feudal Age
10:55 Man-at-Arms
15:37 Fletching
18:57 Double-Bit Axe
23:02 Castle Age
22:19 Padded Archer Armor
23:04 Crossbowman
23:42 Bodkin Arrow
24:24 Leather Archer Armor
24:23 Bow Saw
27:39 Thumb Ring
28:34 Wheelbarrow
29:44 Scale Barding Armor
30:07 Hand Cart
30:22 Gold Mining
30:14 Horse Collar
30:42 Town Watch
31:51 Gold Shaft Mining
31:17 Heavy Plow
31:52 Bloodlines
31:42 Husbandry
36:24 Ballistics
38:55 Imperial Age
37:15 Gambesons
36:51 Pikeman
37:31 Squires
37:43 Scale Mail Armor
40:05 Town Patrol
41:08 Chemistry
39:30 Heavy Cavalry Archer
41:02 Parthian Tactics
41:31 Bracer
42:57 Stone Mining
44:20 Ring Archer Armor
44:43 Conscription
45:59 Kataparuto
47:01 Chain Barding Armor
46:03 Arbalester
48:46 Murder Holes
50:42 Two-Man Saw
50:34 Chain Mail Armor
50:30 Forging
49:43 Halberdier
51:21 Hoardings
51:09 Treadmill Crane
51:13 Cavalier
57:09 Iron Casting
57:05 Plate Mail Armor
56:18 Elite Samurai
Black
7:05 Loom
9:40 Feudal Age
10:55 Double-Bit Axe
15:23 Gold Mining
16:27 Fletching
17:33 Padded Archer Armor
23:43 Castle Age
22:31 Forging
23:22 Bloodlines
23:19 Scale Barding Armor
24:09 Wheelbarrow
23:54 Crossbowman
24:34 Bodkin Arrow
24:56 Bow Saw
24:29 Horse Collar
29:08 Chain Barding Armor
29:57 Light Cavalry
30:51 Heavy Plow
30:43 Stone Mining
40:27 Imperial Age
38:16 Leather Archer Armor
41:09 Iron Casting
46:14 Bracer
46:37 Ballistics
47:59 Ring Archer Armor
54:08 Chemistry
55:27 Conscription
56:48 Two-Man Saw
56:24 Stone Shaft Mining
56:21 Crop Rotation
57:30 Plate Barding Armor
57:54 Elite Genoese Crossbowman
Connection lost

Rejoining the realm…

Still unreachable

The connection could not be restored.

Session expired

The server has moved on; the page needs a fresh start.